 Dungeon Crawl Stone Soup version 0.28.0-43-g3370ac3207 (webtiles) character file.

Game seed: 5923653874531084349

96878 DrunkBamboolord the Stormcaller (level 16, -29/76 HPs)
             Began as a Tengu Air Elementalist on Mar 6, 2022.
             Was the Champion of Vehumet.
             Annihilated by a wolf spider (31 damage)
             ... on level 3 of the Lair of Beasts.
             The game lasted 01:42:48 (33224 turns).

DrunkBamboolord the Stormcaller (TeAE)             Turns: 33224, Time: 01:42:48

Health: -29/76     AC: 12    Str: 12    XL:     16   Next: 18%
Magic:  40/47      EV: 20    Int: 23    God:    Vehumet [******]
Gold:   1683       SH:  0    Dex: 15    Spells: 7/50 levels left

rFire   + . .      SeeInvis .   t - staff of air
rCold   . . .      Faith    .   (no shield)
rNeg    . . .      Spirit   .   n - +2 leather armour {rF+}
rPois   .          Reflect  .   (helmet restricted)
rElec   +          Harm     .   c - +1 cloak {Will+}
rCorr   .          Rampage  .   j - +0 pair of gloves
Will    ++...                   (boots unavailable)
Stlth   ++........              a - amulet "Ifupp" {RegenMP MP+9 Str+3}
HPRegen 0.22/turn               s - +4 ring of protection
MPRegen 0.70/turn               G - ring of wizardry

@: swift, flying quickly and evasively, studying Spellcasting, very quick
A: beak, talons 3, nimble flight
a: Renounce Religion


You were on level 3 of the Lair of Beasts.
You worshipped Vehumet.
Vehumet was exalted by your worship.
You visited 6 branches of the dungeon, and saw 25 of its levels.
You also visited: Bailey and Volcano.

You collected 3088 gold pieces.
You spent 1405 gold pieces at shops.

Inventory:

Missiles
 O - 2 throwing nets
Armour
 c - a +1 cloak of willpower (worn)
 i - a +1 robe of fire resistance
 j - a +0 pair of gloves (worn)
 n - a +2 leather armour of fire resistance (worn)
 y - a +2 leather armour of cold resistance
 E - a scarf of repulsion
Magical Staves
 t - a staff of air (weapon)
Jewellery
 a - the amulet "Ifupp" (around neck) {RegenMP MP+9 Str+3}
   (You acquired it on level 9 of the Dungeon)

   [amulet of magic regeneration]

   It increases your rate of magic regeneration.
   Str:       It affects your strength (+3).
   MP:        It affects your magic capacity (+9).
 e - a ring of fire
 s - a +4 ring of protection (left hand)
 G - a ring of wizardry (right hand)
 I - a ring of willpower
 K - a ring of protection from cold
 L - an amulet of guardian spirit
Wands
 g - a wand of polymorph (7)
 q - a wand of flame (41)
 w - a wand of iceblast (14)
 B - a wand of digging (7)
 C - a wand of mindburst (9)
 J - a wand of paralysis (2)
Scrolls
 p - 6 scrolls of enchant weapon
 r - 3 scrolls of vulnerability
 x - a scroll of acquirement
 N - 2 scrolls of identify
Potions
 b - 3 potions of brilliance
 f - a potion of curing
 k - 5 potions of might
 l - 2 potions of attraction
 m - 7 potions of lignification
 o - 2 potions of invisibility
 v - a potion of resistance
 z - 2 potions of haste
 D - a potion of ambrosia


   Skills:
 * Level 10.6 Dodging
 + Level 3.8 Stealth
 * Level 17.5 Spellcasting
 * Level 12.9 Conjurations
 * Level 9.7 Fire Magic
 + Level 18.7 Air Magic


You had 7 spell levels left.
You knew the following spells:

 Your Spells              Type           Power      Damage    Failure   Level
a - Shock                 Conj/Air       100%       1d9       0%          1
b - Static Discharge      Conj/Air       96%        N/A       0%          2
c - Swiftness             Air            100%       N/A       0%          3
d - Airstrike             Air            51%        N/A       0%          4
e - Freezing Cloud        Conj/Ice/Air   40%        6-21      1%          5
f - Iskenderun's Mystic   Conj/Tloc      49%        2d11      1%          4
g - Starburst             Conj/Fire      32%        6d10      1%          6
h - Orb of Destruction    Conj           34%        9d10      1%          7
i - Conjure Ball Lightni  Conj/Air       48%        3x3d17    1%          6
j - Fireball              Conj/Fire      32%        3d14      1%          5

Your spell library contained the following spells:

 Spells                   Type           Power      Damage    Failure   Level
 Irradiate                Conj/Tmut      24%        3d22      1%          5
 Animate Skeleton         Necr           40%        N/A       1%          1
 Apportation              Tloc           40%        N/A       1%          1
 Freeze                   Ice            80%        1d9       1%          1
 Sandblast                Erth           40%        2d10      1%          1
 Summon Small Mammal      Summ           80%        N/A       1%          1
 Corpse Rot               Necr/Air       100%       N/A       1%          2
 Ensorcelled Hibernation  Hex/Ice        40%        N/A       1%          2
 Passwall                 Tmut/Erth      16%        N/A       1%          2
 Dazzling Flash           Conj/Hex       98%        N/A       1%          3
 Frozen Ramparts          Ice            40%        1d6       1%          3
 Stone Arrow              Conj/Erth      98%        3d13      1%          3
 Hailstorm                Conj/Ice       49%        3d11      1%          4
 Iskenderun's Battlesphe  Conj           68%        2d12      1%          5
 Gell's Gravitas          Tloc           20%        N/A       4%          3
 Ozocubu's Armour         Ice            20%        N/A       4%          3
 Spider Form              Tmut/Pois      20%        N/A       4%          3
 Summon Guardian Golem    Hex/Summ       20%        N/A       4%          3
 Teleport Other           Tloc           20%        N/A       4%          3
 Anguish                  Hex/Necr       10%        N/A       13%         4
 Cause Fear               Hex            10%        N/A       13%         4
 Dispel Undead            Necr           20%        3d11      13%         4
 Petrify                  Tmut/Erth      20%        N/A       13%         4
 Spellforged Servitor     Conj/Summ      24%        N/A       21%         7
 Metabolic Englaciation   Hex/Ice        10%        N/A       34%         5
 Death Channel            Necr           10%        N/A       87%         6
 Dispersal                Tloc           10%        N/A       87%         6
 Simulacrum               Ice/Necr       10%        N/A       87%         6
 Statue Form              Tmut/Erth      13%        N/A       87%         6
 Ozocubu's Refrigeration  Ice            10%        4d7       89%         7
 Dragon Form              Tmut           10%        N/A       100%        7
 Dragon's Call            Summ           10%        N/A       100%        9
 Polar Vortex             Ice            10%        N/A       100%        9


Dungeon Overview and Level Annotations

Branches:
Dungeon (13/15)            Temple (1/1) D:6            Lair (6/6) D:11
 Shoals (2/4) Lair:4       Spider (1/4) Lair:3        Slime (0/5) Lair:6
    Orc (2/2) D:12            Elf (0/3) Orc:2        Bailey (visited)
Volcano (visited)
 Vaults: D:13-14

Altars:
Ashenzari
Cheibriados
Dithmenos
Elyvilon
Fedhas
Gozag
Hepliaklqana
Kikubaaqudgha
Makhleb
Nemelex Xobeh
Okawaru
Qazlal
Ru
Sif Muna
Trog
Uskayaw
Vehumet
Wu Jian
Xom
Yredelemnul
Zin
The Shining One
Beogh

Shops:
D:3 ?   D:5 ?   Orc:2 *:(?(!=!   Shoals:1 =

Annotations:
D:9 2 transporters, Cykl0x's ghost, novice GrEE
D:10 3 runed translucent doors, Cykl0x's ghost, journeyman GrEE; DrunkBamboolord's ghost, journeyman TeAE; Peloso's ghost, novice MiFi; aoei's ghost, journeyman DDFi
Shoals:2 Ilsuiw


Innate Abilities, Weirdness & Mutations

You have a beak for a mouth.
You have claws for feet.
Your magical nature lets you fly swiftly and evasively.


Message History

The culicivora is almost dead.
You hear an angry hiss.
The moth of wrath goads the wolf spider on!
The wolf spider goes berserk!
You hear a chilling moan.
The wolf spider hits you but does no damage.
The wolf spider misses you.
The jumping spider leaps!
The wolf spider hits you but does no damage.
The wolf spider bites you.
You fly upwards.
Welcome back to the Lair of Beasts!
There is a hole to the Spider Nest, spattered with blood here.
Casting: Starburst (dangerous; 1% risk of failure)
Confirm with . or Enter, or press ? or * to list all spells.
Casting: Starburst (dangerous; 1% risk of failure)
Press: ? - help, Dir - look around, f - activate The bolt of fire hits the wolf spider!!
The wolf spider is heavily wounded.
The wolf spider hits you!! The wolf spider bites you!
You are poisoned.
The wolf spider poisons you! The wolf spider completely misses you.
The wolf spider misses you.
Okay, then.
You feel extremely sick. The wolf spider closely misses you.
The wolf spider completely misses you.
You feel very sick. The wolf spider hits you.
The wolf spider barely misses you.
You feel better. The wolf spider hits you!
* * * LOW HITPOINT WARNING * * *
The wolf spider bites you but does no damage.
The wolf spider completely misses you. x2; The wolf spider misses you.
The wolf spider bites you but does no damage.
Casting: Starburst (dangerous; 1% risk of failure)
Confirm with . or Enter, or press ? or * to list all spells.
You feel a surge of power!
You feel quick. The wolf spider barely misses you.
The wolf spider bites you but does no damage.
The wolf spider misses you. The wolf spider bites you!
* * * LOW HITPOINT WARNING * * *
The wolf spider rages.
The wolf spider hits you!!
You die...

......# ### ##..## #........
..######## #...# #........ .##
##.# ###..# #.P.###.. ## ##.##
#....# #...##..P ### ##†## ##...#
####.#.##P.#
..###...######..######P##.#.##..#
#.##...^..#...................P.#
#.##.....###......###..##........
#.##.....# ###..@#.P#####....##.#
..###..#.#####.s....#.#...P..#..P
#.##..#.##..##..............##...
#..#.#.#......###......##...#####
#...#........>##.......####..##..
#..#.#.......##.......## ##......
#.###...##..####.......# #.##.#..
####...#...#.#..#.....## #####...
#..#..###...÷÷.÷..## #...


You could see a wolf spider (berserk).

Vanquished Creatures
  A dire elephant (Lair:6)
  A merfolk impaler (Shoals:1)
  Snorg (Orc:1)
  A fire dragon (Lair:6)
  7 centaur warriors
  11 hydras
  A radroach (Lair:3)
  A merfolk aquamancer (Shoals:1)
  A tengu warrior (D:13)
  9 two-headed ogres
  3 orc high priests
  Sonja (D:11)
  3 sea snakes
  An orb spider (Spider:1)
  A lindwurm (Lair:6)
  9 orc knights
  8 harpies
  A wizard (D:10)
  An ugly thing (D:11)
  A salamander (Volcano)
  3 fauns (Shoals:2)
  2 wolf spiders
  5 cyclopes
  4 manticores
  5 black mambas
  5 elephants (Lair:3)
  A gargoyle (D:12)
  3 water nymphs
  5 torpor snails (Lair:6)
  10 cane toads
  6 komodo dragons
  3 unseen horrors
  A yaktaur (D:10)
  5 kobold demonologists
  2 rime drakes (Lair:1)
  A tengu conjurer (D:13)
  6 trolls
  9 hornets
  3 tarantellas (Spider:1)
  4 tyrant leeches (Lair:6)
  11 merfolk
  2 wind drakes (Shoals:1)
  A meliai zombie (D:10)
  11 polar bears
  4 snapping turtles
  3 dream sheep (Shoals:1)
  A jumping spider (Spider:1)
  Sigmund (D:4)
  4 water elementals
  5 culicivoras
  41 yaks
  A yak (shapeshifter) (D:10)
  A wraith (D:11)
  4 wyverns
  4 basilisks
  A fire bat (Volcano)
  3 redbacks (Lair:3)
  8 vampire mosquitoes (D:12)
  10 wargs
  4 acid dragons
  11 water moccasins
  17 hell hounds
  54 orc warriors
  An ice beast (D:6)
  Duvessa (D:4)
  12 black bears
  3 sky beasts
  6 ogres
  A necrophage (D:8)
  17 wolves
  18 centaurs
  9 kobold brigands
  14 bullfrogs
  A gnoll sergeant (D:7)
  2 scorpions
  A wyvern skeleton (D:7)
  A wyvern zombie (D:8)
  Dowan (D:4)
  3 wights (D:6)
  6 electric eels
  9 howler monkeys
  7 centaur zombies
  A hound (D:4)
  16 jellies
  3 bullfrog skeletons
  A centaur skeleton (D:6)
  17 orc priests
  An iguana (D:4)
  15 orc wizards
  14 hell rats
  A scorpion zombie (D:5)
  A killer bee zombie (D:6)
  A howler monkey zombie (D:10)
  Robin (D:3)
  14 gnolls
  6 adders
  5 river rats (Lair:5)
  A shadow imp (D:6)
  An ufetubus (D:7)
  3 worms (D:2)
  A dart slug (D:1)
  85 orcs
  21 endoplasms
  3 giant cockroaches
  16 goblins
  20 hobgoblins
  4 jackals (D:2)
  6 quokkas
  7 ball pythons
  7 bats
  2 frilled lizards (D:1)
  25 kobolds
  11 rats
771 creatures vanquished.

Vanquished Creatures (collateral kills)
  5 cyclopes (Shoals:2)
  A snapping turtle (Shoals:2)
  A ball lightning (Spider:1)
7 creatures vanquished.

Vanquished Creatures (others)
  An orc wizard (D:4)
  41 ball lightnings
  50 fungi
  103 plants
  7 toadstools (D:4)
202 creatures vanquished.

Grand Total: 980 creatures vanquished

Notes
Turn   | Place    | Note
-------+----------+-------------------------------------------
     0 | D:1      | DrunkBamboolord the Tengu Air Elementalist began the quest
                  | for the Orb.
     0 | D:1      | Reached XP level 1. HP: 10/10 MP: 4/4
   359 | D:1      | Reached XP level 2. HP: 15/15 MP: 0/6
   425 | D:1      | Learned a level 2 spell: Static Discharge
   825 | D:1      | Reached XP level 3. HP: 19/19 MP: 4/7
   829 | D:1      | Learned a level 3 spell: Swiftness
  1488 | D:2      | Reached skill level 5 in Air Magic
  2065 | D:2      | Reached XP level 4. HP: 24/24 MP: 0/8
  2544 | D:2      | Found a faded altar of an unknown god.
  2605 | D:3      | Found Bephoo's Magic Scroll Shoppe.
  2667 | D:3      | Bought a scroll of blinking for 105 gold pieces
  2724 | D:3      | Noticed an ogre
  2736 | D:3      | Killed an ogre
  2737 | D:3      | Gained mutation: Your magical nature lets you fly swiftly
                  | and evasively. [Tengu growth]
  2737 | D:3      | Reached XP level 5. HP: 25/28 MP: 2/10
  3376 | D:3      | Reached XP level 6. HP: 30/32 MP: 2/12
  3677 | D:3      | Learned a level 4 spell: Airstrike
  3834 | D:3      | Noticed Robin
  3889 | D:3      | Killed Robin
  4287 | D:4      | Found a shadowy altar of Dithmenos.
  4297 | D:4      | Reached skill level 6 in Air Magic
  4735 | D:4      | Reached XP level 7. HP: 31/36 MP: 5/14
  4813 | D:4      | Learned a level 3 spell: Dazzling Flash
  4977 | D:4      | Found an ornate altar of the Wu Jian Council.
  5457 | D:4      | Noticed Dowan
  5458 | D:4      | Noticed Duvessa
  5470 | D:4      | Killed Duvessa
  5471 | D:4      | Reached skill level 5 in Conjurations
  5471 | D:4      | Reached skill level 7 in Air Magic
  5487 | D:4      | Killed Dowan
  5776 | D:4      | Noticed Sigmund
  5800 | D:4      | Killed Sigmund
  5801 | D:4      | Reached skill level 5 in Spellcasting
  5801 | D:4      | Reached XP level 8. HP: 33/41 MP: 11/16
  6458 | D:5      | Entered Level 5 of the Dungeon
  6516 | D:5      | Found Karoyt's Magic Scroll Shoppe.
  7021 | D:6      | Found a glowing silver altar of Zin.
  7144 | D:6      | Reached skill level 8 in Air Magic
  7204 | D:6      | Reached skill level 1 in Fire Magic
  7889 | D:6      | Found an iron altar of Okawaru.
  7889 | D:6      | Found a blossoming altar of Fedhas.
  7889 | D:6      | Found a broken altar of Ashenzari.
  7920 | D:6      | Reached XP level 9. HP: 45/45 MP: 6/19
  8023 | D:6      | Found a staircase to the Ecumenical Temple.
  8033 | Temple   | Entered the Ecumenical Temple
  8111 | Temple   | Became a worshipper of Vehumet
  8304 | D:7      | Reached skill level 9 in Air Magic
  9470 | D:8      | Reached skill level 10 in Air Magic
  9593 | D:8      | Reached * piety under Vehumet
  9593 | D:8      | Offered knowledge of Magic Dart by Vehumet.
  9600 | D:8      | Reached skill level 5 in Dodging
 10062 | D:8      | Found a sacrificial altar of Ru.
 10173 | D:8      | Reached XP level 10. HP: 50/50 MP: 15/22
 10175 | D:8      | Reached skill level 11 in Air Magic
 10769 | D:8      | Learned a level 4 spell: Iskenderun's Mystic Blast
 10806 | D:9      | Identified a scroll of acquirement
 10806 | D:9      | Acquired the amulet "Ifupp" {RegenMP MP+9 Str+3}
 10967 | D:9      | Noticed a two-headed ogre
 10969 | D:9      | Found a transporter.
 10991 | D:9      | Killed a two-headed ogre
 11159 | D:9      | Noticed Cykl0x's ghost (novice GrEE)
 11168 | D:9      | Offered knowledge of Poisonous Vapours by Vehumet.
 11174 | D:9      | Reached ** piety under Vehumet
 11221 | D:9      | Found a transporter.
 11386 | D:9      | Found a flagged portal.
 11395 | Bailey   | Entered a bailey
 11666 | Bailey   | Reached skill level 12 in Air Magic
 11801 | Bailey   | Noticed an orc knight
 11812 | Bailey   | Killed an orc knight
 11912 | Bailey   | Offered knowledge of Conjure Flame by Vehumet.
 12060 | Bailey   | Reached *** piety under Vehumet
 12117 | Bailey   | Found an iron altar of Okawaru.
 12118 | Bailey   | Noticed a kobold demonologist
 12119 | Bailey   | Noticed a kobold demonologist
 12122 | Bailey   | Killed a kobold demonologist
 12123 | Bailey   | Reached XP level 11. HP: 54/54 MP: 23/25
 12138 | Bailey   | Reached skill level 13 in Air Magic
 12179 | Bailey   | Learned a level 6 spell: Starburst
 12681 | D:10     | Entered Level 10 of the Dungeon
 12798 | D:10     | Found a hazy altar of Hepliaklqana.
 12808 | D:10     | Offered knowledge of Inner Flame by Vehumet.
 12945 | D:10     | Identified the +0 chain mail of the Frog {rElec rN+ Slay-6}
 13133 | D:10     | Noticed a two-headed ogre
 13141 | D:10     | Noticed a two-headed ogre
 13174 | D:10     | Killed a two-headed ogre
 13563 | D:11     | Noticed a centaur warrior
 13760 | D:11     | Noticed Sonja
 13763 | D:11     | Killed Sonja
 13766 | D:11     | Reached skill level 10 in Spellcasting
 13894 | D:11     | Killed a centaur warrior
 13895 | D:11     | Reached skill level 5 in Fire Magic
 13895 | D:11     | Reached skill level 14 in Air Magic
 14534 | D:11     | Found a staircase to the Lair.
 14650 | D:11     | Noticed a red ugly thing
 14664 | D:11     | Killed a red ugly thing
 14665 | D:11     | Reached XP level 12. HP: 59/59 MP: 11/27
 15019 | Lair:1   | Entered Level 1 of the Lair of Beasts
 15020 | Lair:1   | Identified the +5 great sword of Nelianid {freeze, Contam
                  | Fly Str+4 Dex+4}
 15485 | Lair:1   | Noticed a four-headed hydra
 15490 | Lair:1   | Killed a four-headed hydra
 15491 | Lair:1   | Reached skill level 15 in Air Magic
 15780 | Lair:1   | Learned a level 7 spell: Orb of Destruction
 15853 | Lair:1   | Reached **** piety under Vehumet
 16172 | Lair:1   | Noticed an eight-headed hydra
 16219 | Lair:1   | Killed an eight-headed hydra
 16617 | Lair:2   | Noticed an eight-headed hydra
 16801 | Lair:2   | Offered knowledge of Fulminant Prism by Vehumet.
 17110 | Lair:2   | Killed an eight-headed hydra
 17944 | Lair:3   | Found a dark tunnel.
 17948 | Volcano  | Entered a volcano
 18072 | Volcano  | Noticed a two-headed ogre
 18073 | Volcano  | Noticed a two-headed ogre
 18084 | Volcano  | Killed a two-headed ogre
 18088 | Volcano  | Killed a two-headed ogre
 18089 | Volcano  | Reached skill level 16 in Air Magic
 18436 | Lair:3   | Reached XP level 13. HP: 53/63 MP: 30/30
 18864 | Lair:3   | Reached skill level 10 in Conjurations
 18969 | Lair:3   | Found a hole to the Spider Nest.
 19819 | Lair:4   | Reached ***** piety under Vehumet
 20206 | Lair:4   | Offered knowledge of Eringya's Noxious Bog by Vehumet.
 20212 | Lair:4   | Reached skill level 17 in Air Magic
 20272 | Lair:4   | Found a staircase to the Shoals.
 21553 | Lair:6   | Entered Level 6 of the Lair of Beasts
 21763 | Lair:6   | Found a staircase to the Slime Pits.
 21957 | Lair:6   | Found a runed translucent door.
 21958 | Lair:6   | Noticed a fire dragon
 22164 | Lair:6   | Reached XP level 14. HP: 68/68 MP: 32/32
 22640 | Lair:6   | Offered knowledge of Iskenderun's Battlesphere by Vehumet.
 22645 | Lair:6   | Reached skill level 18 in Air Magic
 22863 | Lair:6   | Noticed a dire elephant
 22910 | Lair:6   | Killed a dire elephant
 24937 | D:12     | Found a staircase to the Orcish Mines.
 25277 | D:12     | Found a glowing golden altar of the Shining One.
 25314 | D:12     | Reached skill level 15 in Spellcasting
 25615 | Orc:1    | Entered Level 1 of the Orcish Mines
 25875 | Orc:1    | Offered knowledge of Conjure Ball Lightning by Vehumet.
 25905 | D:12     | Learned a level 6 spell: Conjure Ball Lightning
 26245 | Orc:2    | Entered Level 2 of the Orcish Mines
 26245 | Orc:2    | Found Gal Exud's General Store.
 26934 | Orc:2    | Reached XP level 15. HP: 72/72 MP: 22/35
 27024 | Orc:2    | Found a staircase to the Elven Halls.
 27123 | Orc:2    | Offered knowledge of Yara's Violent Unravelling by Vehumet.
 27358 | Orc:2    | Found Toth's Magic Scroll Emporium.
 27358 | Orc:2    | Found Ric Zeock's Antique Weapon Boutique.
 27358 | Orc:2    | Found Ilooraub's Book Shop.
 27361 | Orc:2    | Found Ramoxtut's Weapon Shoppe.
 27378 | Orc:2    | Bought a book of Ice for 598 gold pieces
 27378 | Orc:2    | Bought a book of the Spheres for 702 gold pieces
 27384 | Orc:2    | Learned a level 5 spell: Fireball
 27391 | Orc:2    | Learned a level 5 spell: Freezing Cloud
 27423 | Orc:2    | Found Kurph's Jewellery Boutique.
 27743 | Orc:2    | Found Pewyucuw's Distillery.
 27993 | Orc:2    | Found Xenkuch's Distillery.
 28501 | Orc:1    | Noticed Snorg
 28507 | Orc:1    | Killed Snorg
 29021 | D:10     | Found a runed translucent gate.
 29022 | D:10     | Found a runed translucent gate.
 29023 | D:10     | Found a runed translucent gate.
 29024 | D:10     | Noticed Peloso's ghost (novice MiFi)
 29024 | D:10     | Noticed Cykl0x's ghost (journeyman GrEE)
 29024 | D:10     | Noticed DrunkBamboolord's ghost (journeyman TeAE)
 29024 | D:10     | Noticed aoei's ghost (journeyman DDFi)
 29735 | D:10     | Identified the +6 hand axe "Zaesy" {pain, rPois Int+2 Dex+3
                  | Stlth+}
 30272 | D:13     | Reached skill level 10 in Dodging
 31425 | Shoals:1 | Entered Level 1 of the Shoals
 31832 | Shoals:1 | Found Afaqi's Jewellery Shop.
 32010 | Shoals:1 | Reached ****** piety under Vehumet
 32138 | Shoals:1 | Offered knowledge of Irradiate by Vehumet.
 32276 | Shoals:1 | You are sucked into a shaft and drop 1 floor!
 32299 | Shoals:2 | Noticed Ilsuiw
 32386 | Shoals:2 | Reached XP level 16. HP: 56/76 MP: 13/38
 32776 | Spider:1 | Entered Level 1 of the Spider Nest
 33222 | Lair:3   | HP: 1/76 [wolf spider (15)]
 33224 | Lair:3   | Annihilated by a wolf spider

Illustrated notes

Levels and vault maps discovered:
D:1:      beargit_arrival_greenhouse, layout_basic, skrybe_limestone_x
D:2:      layout_loops_ring, dreamdust_ecumenical_altar_angels_and_demons,
          minmay_tetromino_s4
D:3:      layout_basic, serial_shops, shop, solitary_fountain, uniq_robin
D:4:      cheibrodos_fertilizer, layout_basic, nicolae_dithmenos_the_darkroom,
          nzn_wu_jian_council_hall, minmay_a_box_with_orc_wizards_in_it,
          uniq_duvessa, uniq_sigmund
D:5:      layout_basic, serial_shops, shop
D:6:      layout_rooms, gammafunk_temple_overflow_claw, zin_statuary,
          lemuel_temple_firewalk_b, hex_tiny, chequers_garden
D:7:      layout_basic, serial_glass, glass_columns_a, glass_columns_c,
          feat_on_display, minmay_strange_pillars
D:8:      layout_basic, mainiacjoe_overflow_surrounded_room
D:9:      layout_gridville, gammafunk_ghost_hive, enter_bailey_2,
          serial_park_tiny_1
D:10:     kennysheep_windowed_halls, layout_loops_ring,
          mainiacjoe_overflow_concentric_impassable, gammafunk_ghost_cemetery,
          palyth_stone_intersect
D:11:     layout_loops_ring, dpeg_oklobed_lair, lightli_fourway_metalbox,
          uniq_sonja
D:12:     layout_long_grid, david_orc_5, tso_metal_star
D:13:     layout_roguey
Temple:   jpeg_temple_clearing
Lair:1:   layout_cave_pods, serial_rivers, chequers_serial_rivers_micro_c,
          chequers_serial_rivers_large_a, chequers_serial_rivers_small_b,
          chequers_serial_rivers_room_a
Lair:2:   layout_loops_ring, nicolae_lair_grove_arrangements,
          grunt_forest_small_clearing_treed, grunt_megastairs_4
Lair:3:   layout_loops_ring, hellmonk_spider_entry_life_and_decay,
          nicolae_volcano_entry_s_turn
Lair:4:   layout_roguey, minmay_shoals_entry_hut, grunt_megastairs_1
Lair:5:   layout_loops_ring, kennysheep_abandoned_house, serial_bayou_shore_a,
          lemuel_fruit_fields, infiniplex_staircase_pool, uniq_urug
Lair:6:   hangedman_lair_caniforms_friends, layout_layer_cave, wormcave,
          minmay_slime_entry_jelly_boxes, lemuel_fruit_tree
Shoals:1: cheibrodos_shoals_gigantism, layout_shoals, serial_shops,
          nicolae_square_shop
Shoals:2: layout_shoals, st_cyclops, uniq_ilsuiw
Spider:1: layout_spider_delve
Orc:1:    layout_caves, special_room [special_room_orc], bh_open_orc_temple,
          uniq_snorg
Orc:2:    st_orc_rangers, layout_caves, serial_shops, nicolae_shop_behind_doors,
          shop, shop, shop_statue, portal_ice_cave_entry_pillars_1, special_room

Skill      XL: |  1  2  3  4  5  6  7  8  9 10 11 12 13 14 15 |
---------------+----------------------------------------------+-----
Conjurations   | 2 3 4 5 6 7 8 9 10 11 12 | 12.9
Air Magic      | 5 6 7 8 10 12 14 16 17 18 | 18.7
Dodging        | 3 4 5 6 7 8 9 10 | 10.6
Spellcasting   | 3 4 5 6 7 9 10 12 13 15 17 | 17.5
Fire Magic     | 2 3 4 5 6 7 8 9 |  9.7
Stealth        | 3 |  3.8

Action                   |  1- 3 |  4- 6 |  7- 9 | 10-12 | 13-15 | 16-18 || total
-------------------------+-------+-------+-------+-------+-------+-------++-------
Melee: Unarmed           |     3 |     6 |     1 |       |       |       ||    10
       Staff             |       |       |       |       |    15 |     1 ||    16
       Kick              |       |       |       |       |     6 |       ||     6
       Peck              |       |       |       |       |     2 |       ||     2
 Cast: Shock             |    98 |    88 |   112 |    84 |     8 |       ||   390
       Static Discharge  |     3 |    20 |    49 |    58 |    39 |       ||   169
       Airstrike         |       |       |    49 |   218 |   590 |     8 ||   865
       Starburst         |       |       |       |     8 |    75 |     8 ||    91
       Iskenderun's Myst |       |       |       |    13 |    13 |     7 ||    33
       Swiftness         |       |       |       |     1 |     1 |     1 ||     3
       Dazzling Flash    |       |       |       |     1 |       |       ||     1
       Orb of Destructio |       |       |       |       |    34 |     7 ||    41
       Conjure Ball Ligh |       |       |       |       |    19 |     1 ||    20
       Fireball          |       |       |       |       |    49 |    11 ||    60
       Freezing Cloud    |       |       |       |       |     1 |       ||     1
Evoke: Wand              |       |       |       |     1 |     1 |       ||     2
  Use: Scroll            |     1 |     3 |     6 |    11 |    13 |     3 ||    37
       Potion            |       |       |       |     3 |     8 |     8 ||    19
Armor: Robe              |     3 |     9 |     5 |    23 |    36 |     8 ||    84
       Skin              |       |     6 |       |       |       |       ||     6
       Leather armour    |       |       |       |       |       |     5 ||     5
Dodge: Dodged            |    15 |    28 |    33 |    97 |   244 |    52 ||   469
       Repelled          |       |       |       |       |     7 |     1 ||     8
